 Dungeon Crawl Stone Soup version 0.20-a0-640-g62ed22f (webtiles) character file.

312 polly the Shield-Bearer (level 6, 0/38 HPs)
             Began as a Gargoyle Fighter on Feb 12, 2017.
             Killed by divine providence
             ... invoked by an orc priest
              (8 damage)
             ... on level 4 of the Dungeon.
             The game lasted 00:03:44 (2250 turns).

polly the Shield-Bearer (Gargoyle Fighter)          Turns: 2250, Time: 00:03:45

Health: 0/38       AC: 11    Str: 21    XL:     6   Next: 42%
Magic:  6/6        EV:  8    Int:  8    God:
Gold:   95         SH:  9    Dex: 10    Spells: 5/5 levels left

rFire    . . .     SeeInvis +   a - +0 flail
rCold    . . .     Gourm    .   b - +0 scale mail
rNeg     + . .     Faith    .   c - +0 shield
rPois    ∞         Spirit   .   (no helmet)
rElec    +         Reflect  .   (no cloak)
rCorr    .         Harm     .   (no gloves)
MR       .....                  (no boots)
Stlth    ..........             (no amulet)
Regen    0.2/turn               (no ring)
MPRegen  0.1/turn               k - ring of see invisible

@: no status effects
A: negative energy resistance 1, electricity resistance, unbreathing,
petrification resistance, rot immunity, AC +4
a: no special abilities


You were on level 4 of the Dungeon.
You were not hungry.

You visited 1 branch of the dungeon, and saw 4 of its levels.

You collected 95 gold pieces.

Inventory:

Hand Weapons
 a - a +0 flail (weapon)
Armour
 b - a +0 scale mail (worn)
 c - a +0 shield (worn)
Jewellery
 k - a ring of see invisible (left hand)
Scrolls
 e - 3 scrolls of amnesia {unknown}
 h - 2 scrolls of identify
 i - 3 scrolls of immolation {unknown}
 j - a scroll of recharging {unknown}
 l - 4 scrolls of enchant armour {unknown}
 p - 2 scrolls of blinking {unknown}
 q - a scroll of fear {unknown}
Potions
 d - a potion of might
Comestibles
 f - 2 bread rations
 g - 3 meat rations
 m - 3 fruits


   Skills:
 + Level 4.2 Fighting
 + Level 4.0 Maces & Flails
 + Level 4.3 Armour
 + Level 1.3 Dodging
 + Level 0.2 Stealth
 + Level 4.6 Shields


You had 5 spell levels left.
You didn't know any spells.

Dungeon Overview and Level Annotations

Branches:
Dungeon (4/15)
 Temple: D:4-7

Altars:
Zin


Innate Abilities, Weirdness & Mutations

You are resistant to torment.
Your stone body is resilient. (AC +4)
You are immune to poison.
You resist negative energy. (rN+)
You are resistant to electric shocks. (rElec)
You can survive without breathing.
You are immune to petrification.
You are immune to rotting.


Message History

Your shield and scale mail prevent you from hitting the orc priest.
The orc priest is heavily wounded.
The orc wizard shouts!
The orc wizard barely misses you. You block the orc priest's attack.
You hit the orc priest but do no damage.
The orc priest is heavily wounded.
The orc wizard points at you and mumbles some strange words.
You resist with some effort.
The orc priest hits you with a trident of protection.
* * * LOW HITPOINT WARNING * * *
You block the orc wizard's attack.
An orc comes into view.
The orc shouts!
The orc priest closely misses you. The orc priest barely misses you.
The orc wizard casts a spell.
The orc wizard flickers and vanishes for a moment.
The orc priest calls down the wrath of Beogh upon you.
Beogh smites you!
You die...

######### #.......#
#.......##
#>.......### ###
###........#.# ##..
#...)......#.# ##...
#..oo....#.# ##....
#...@.oo.#.#####.....
#.......)#...........
#.......)............
########...%.........
#.###......... #.#
##.....#.. ...
##.###### ....
......... #.....
.#.######


You could see an orc priest, 2 orc wizards and an orc.

Vanquished Creatures
  The ghost of polly the Shield-Bearer, an amateur GrFi (D:3)
  A crimson imp (D:4)
  A worker ant (D:4)
  5 adders
  A gnoll (D:1)
  9 oozes
  4 worms
  2 dart slugs (D:1)
  2 leopard geckos
  3 orcs (D:4)
  6 giant cockroaches
  4 goblins
  4 hobgoblins
  8 jackals
  3 kobolds
  3 ball pythons
  5 bats
  4 frilled lizards
  11 rats
77 creatures vanquished.

Notes
Turn   | Place    | Note
-------+----------+-------------------------------------------
     0 | D:1      | polly the Gargoyle Fighter began the quest for the Orb.
     0 | D:1      | Reached XP level 1. HP: 14/14 MP: 1/1
     1 | D:1      | Found a runed door.
    21 | D:1      | Reached XP level 2. HP: 17/19 MP: 2/2
    31 | D:1      | Reached XP level 3. HP: 18/24 MP: 3/3
   108 | D:1      | Reached XP level 4. HP: 21/29 MP: 4/4
   999 | D:2      | Reached XP level 5. HP: 25/33 MP: 5/5
  1043 | D:2      | Found a faded altar of an unknown god.
  1085 | D:2      | Found a glowing silver altar of Zin.
  1400 | D:3      | Noticed polly's ghost (amateur GrFi)
  1436 | D:3      | Killed polly's ghost
  1436 | D:3      | Reached skill level 1 in Dodging
  1837 | D:3      | Reached XP level 6. HP: 38/38 MP: 6/6
  2241 | D:4      | HP: 1/38 [orc priest/trident of protection (4)]
  2250 | D:4      | Killed from afar by an orc priest

Vault maps used:
D:1:      dpeg_arrival_caged_fury
D:2:      zin_academy, first_bread, chequers_ecumenical_altar_simple_redux
D:4:      temple_statues, nicolae_tso_swordbearing_angel, uniq_blork_the_orc

Skill      XL: |  1  2  3  4  5  6 |
---------------+-------------------+-----
Maces & Flails | 3 4 |  4.0
Shields        | 4 |  4.6
Fighting       | 4 |  4.2
Armour         | 4 |  4.3
Dodging        | 1 |  1.3
Stealth        | |  0.2

Action                   |  1- 3 |  4- 6 || total
-------------------------+-------+-------++-------
Melee: Flail             |    68 |   274 ||   342
  Use: Potion            |       |     3 ||     3
       Scroll            |       |     1 ||     1
  Eat: Chunk             |       |     4 ||     4
       Fruit             |       |     1 ||     1
Armor: Scale mail        |    33 |   187 ||   220
Dodge: Dodged            |    16 |   123 ||   139
Block: Shield            |    27 |   191 ||   218
